Map: World of Sleepers LE

Players

ImProvement - Winner!

  • Race: Terran Terran
  • League: Master
  • Spawn Location: 7:00

Mez

  • Race: Protoss Protoss
  • League: Master
  • Spawn Location: 1:00

VOD

Have the link to the VOD?

Description

Time

  • Played on: Sept. 3, 2019, 12:11 p.m.
  • Length: 24:11
Show
View Real Time Build Order
Export as new Build Order

ImProvement Terran - Winner!

Build Orders: Gas First Reaper Expand 

Get SALT Encoding   

  12  0:00  SCV  
  13  0:13  SCV  
  14  0:19  Supply Depot  
  14  0:25  SCV  
  14  0:27  Refinery  
  15  0:40  SCV  
  16  0:45  Barracks  
  16  0:52  SCV  
  17  1:04  SCV  
  18  1:16  SCV  
  19  1:32  Orbital Command, Reaper  
  20  1:42  Command Center  
  20  1:54  Factory  
  20  1:58  SCV  
  21  2:04  Bunker  
  21  2:08  Barracks Reactor  
  21  2:10  SCV  
  22  2:15  Supply Depot  
  22  2:22  SCV  
  23  2:28  Refinery  
  23  2:37  SCV  
  23  2:39  Hellion  
  23  2:43  Starport  
  26  2:49  Marine x2, SCV  
  29  2:58  Orbital Command  
  29  3:02  SCV  
  30  3:06  Factory Tech Lab  
  30  3:14  SCV  
  30  3:17  Marine x2  
  33  3:26  Siege Tank  
  36  3:27  SCV  
  36  3:29  Viking  
  39  3:37  Supply Depot  
  39  3:38  SCV  
  40  3:51  SCV x2  
  40  3:56  Marine x2  
  40  3:58  Siege Tank  
  44  4:03  SCV x2  
  44  4:05  Supply Depot  
  46  4:13  Starport Tech Lab, Barracks x2  
  46  4:15  Marine  
  46  4:16  Marine  
  48  4:19  SCV  
  48  4:20  SCV  
  50  4:24  Refinery  
  50  4:31  SCV  
  50  4:32  Supply Depot  
  50  4:38  Siege Tank  
  54  4:45  SCV x2  
  56  4:50  Starport Reactor  
  56  4:53  Stimpack, Marine  
  56  4:57  Supply Depot, Engineering Bay, SCV  
  56  4:59  SCV  
  59  5:01  Barracks Tech Lab  
  59  5:09  SCV  
  59  5:10  Siege Tank  
  59  5:12  Marauder, SCV  
  66  5:19  Marine x2  
  66  5:21  SCV  
  69  5:23  Terran Infantry Weapons Level 1  
  69  5:25  Supply Depot  
  69  5:26  SCV  
  69  5:27  Marauder  
  72  5:31  Refinery  
  72  5:33  Marine  
  73  5:37  Marine x2  
  73  5:38  Combat Shield  
  73  5:42  SCV  
  77  5:50  Marauder  
  77  5:52  Marauder  
  77  5:56  Marine x2  
  82  6:03  Supply Depot, Siege Tank  
  85  6:04  Supply Depot  
  85  6:19  Marine  
  85  6:24  Marauder, Medivac x2, Marine  
  93  6:26  Supply Depot, Marauder  
  93  6:27  Supply Depot  
  95  6:36  Marine  
  95  6:38  Siege Tank  
  99  6:42  Marine  
  100  6:51  Marauder x2, Command Center  
  104  6:55  Medivac, Marine  
  107  7:01  Marine  
  107  7:04  Concussive Shells  
  107  7:07  Barracks x2  
  108  7:11  Siege Tank  
  110  7:19  Marauder, Marine x2  
  114  7:27  Liberator x2  
  108  7:37  Marauder  
  108  7:41  Marine x2  
  118  8:01  Barracks Tech Lab, Barracks Reactor, Marine  
  118  8:02  Marauder, Marine  
  118  8:03  Marauder  
  108  8:14  Siege Tank  
  108  8:17  Liberator  
  108  8:19  Marine  
  87  8:21  Marauder  
  87  8:24  Marauder  
  88  8:28  Orbital Command  
  88  8:33  Marauder, Marine  
  88  8:34  Medivac  
  93  8:37  Terran Infantry Armor Level 1  
  93  8:38  Marine x3  
  99  8:42  Marauder  
  101  8:53  Marine  
  101  8:54  Marauder  
  101  8:55  Marauder, Siege Tank, Marine  
  110  9:12  Marine  
  110  9:13  Marauder, Marine  
  110  9:15  Marauder, SCV x2  
  110  9:16  SCV  
  119  9:20  Marine  
  119  9:21  Marauder, Supply Depot  
  122  9:27  SCV  
  122  9:30  Siege Tank  
  126  9:34  Marine x4  
  126  9:36  SCV  
  131  9:43  Supply Depot  
  131  9:47  Marauder x2  
  106  10:20  Marauder x2, Marine x5  
  108  10:21  Siege Tank  
  108  10:22  Medivac x2  
  112  10:37  Marine x2  
  112  10:38  Marauder  
  112  10:42  Marauder  
  118  10:43  Marine x2  
  118  10:44  Marauder  
  122  10:52  Command Center  
  122  10:55  Siege Tank, Marine  
  126  11:00  Supply Depot  
  126  11:03  Supply Depot  
  126  11:21  Marine x2  
  126  11:22  Marauder x3  
  126  11:24  Marine x2  
  135  11:39  Marine x2  
  128  11:42  Marine x2  
  128  11:43  Marauder x2, Marine  
  134  11:49  SCV  
  135  11:57  Marine x2  
  135  12:00  Marine x2  
  111  12:01  Marauder  
  111  12:04  Marine  
  111  12:05  Marauder  
  111  12:07  Medivac  
  103  12:13  Siege Tank  
  103  12:15  Marine x2  
  104  12:21  Marine x2  
  104  12:22  Marine  
  107  12:28  Orbital Command  
  107  12:35  Marine x3  
  108  12:38  Liberator x2  
  108  12:39  SCV x2  
  110  12:45  Marine x2  
  110  12:46  Marauder, Marine  
  115  12:51  SCV x2  
  123  13:04  SCV  
  123  13:05  SCV  
  125  13:17  Marauder x2, Marine x2  
  125  13:18  Marauder, Marine x2  
  125  13:19  Orbital Command  
  135  13:20  Orbital Command  
  135  13:21  Orbital Command  
  132  13:39  Liberator x2  
  132  13:56  Widow Mine x2  
  132  13:57  Marine x2  
  132  13:58  Marauder x3  
  132  14:00  Marauder  
  152  14:03  Armory, Engineering Bay  
  152  14:11  Factory  
  152  14:15  Marine x2  
  154  14:17  Widow Mine  
  154  14:19  Marine  
  157  14:41  Supply Depot  
  157  14:42  Supply Depot, Marine x4  
  157  14:43  Widow Mine, Marauder  
  165  14:46  Liberator x2  
  165  14:59  Factory Tech Lab  
  165  15:02  Terran Infantry Weapons Level 2  
  165  15:03  Marauder, Marine  
  165  15:04  Terran Infantry Armor Level 2, Widow Mine, Marauder x2  
  180  15:14  Supply Depot x2  
  180  15:27  Drilling Claws  
  180  15:36  Widow Mine x3  
  180  15:37  Supply Depot  
  180  15:38  Supply Depot  
  181  16:00  Liberator  
  178  16:17  Medivac  
  183  16:19  Widow Mine x3  
  189  16:29  Refinery  
  189  16:30  Refinery, Command Center  
  189  16:40  Widow Mine  
  191  16:53  Marine x2  
  191  16:54  Marauder x2, Marine x2  
  199  16:55  Widow Mine  
  180  17:06  Widow Mine  
  130  17:11  Marine x3  
  130  17:12  Marauder  
  130  17:14  Widow Mine, Liberator  
  130  17:15  Marine x2  
  134  17:29  Marine  
  119  17:30  Widow Mine, Marauder  
  119  17:33  Marauder x2  
  130  17:44  Widow Mine x2  
  132  17:51  Liberator  
  132  17:52  Widow Mine  
  132  17:56  Marine x2  
  132  17:57  Marauder x2  
  140  18:03  Orbital Command  
  140  18:09  Liberator  
  140  18:10  Marauder  
  148  18:28  Marine x2  
  148  18:29  Marauder  
  146  18:49  Marine x2  
  146  18:50  Marauder x2, Marine x2  
  146  18:52  Planetary Fortress, Liberator x2  
  154  19:08  Marauder, Marine x2  
  154  19:09  Marauder  
  166  19:11  Widow Mine x2  
  166  19:12  Marauder x2  
  174  19:29  Marauder, Marine x2  
  174  19:30  Marine  
  179  19:33  Marauder  
  175  19:42  Marine  
  175  19:43  Widow Mine x3  
  182  19:47  Marine  
  182  19:48  Marauder  
  182  19:51  Marauder  
  182  19:52  Liberator x2  
  182  20:09  Marine x3  
  182  20:10  Marauder x2  
  182  20:11  Widow Mine  
  182  20:12  Marauder  
  194  20:24  Widow Mine  
  194  20:27  Marine x3  
  193  20:31  Widow Mine, Marauder, Marine  
  193  20:34  Marauder  
  181  20:45  Marine x3  
  181  20:49  Marauder  
  179  20:53  Marauder  
  179  20:54  Widow Mine, Marine  
  184  21:03  Marine  
  184  21:04  Marauder  
  187  21:05  Marine  
  187  21:09  SCV  
  187  21:10  Marine, SCV x2  
  192  21:13  Marauder, Marine  
  195  21:20  Marine  
  195  21:25  Marauder  
  197  21:37  Unknown  
  197  21:42  Refinery x2  
  197  21:44  Barracks  
  197  21:45  Barracks x2  
  197  21:46  Marine x3  
  193  22:26  Liberator x2  
  174  22:34  Marine x4  
  174  22:35  Marauder x2  
  152  22:43  Widow Mine  
  152  22:44  Widow Mine  
  160  22:52  Marine x3  
  160  22:53  Marauder  
  160  22:56  Marauder, Marine  
  162  22:59  Widow Mine  
  162  23:05  Widow Mine x2  
  161  23:09  Barracks Tech Lab, Barracks Reactor x2  
  161  23:10  Marauder, Marine x2  
  158  23:13  Marine  
  158  23:14  Marauder  
  158  23:17  Marine  
  160  23:20  Widow Mine  
  160  23:27  Marine  
  160  23:32  Marauder  
  160  23:34  Medivac x2, Marine  
  158  23:35  Marauder  
  161  23:45  Marauder  
  163  23:50  Command Center  
Show
View Real Time Build Order
Export as new Build Order

Mez Protoss 

Build Orders: 1 Gate Expand 

Get SALT Encoding   

  12  0:01  Probe  
  13  0:13  Probe  
  14  0:19  Pylon  
  14  0:25  Probe  
  15  0:38  Gateway  
  15  0:39  Probe  
  16  0:46  Assimilator  
  16  0:47  Probe  
  16  0:55  Probe  
  18  1:06  Probe  
  19  1:18  Probe  
  19  1:25  Nexus  
  20  1:34  Cybernetics Core  
  20  1:39  Probe  
  21  1:47  Pylon  
  21  1:51  Probe  
  22  1:58  Assimilator  
  22  2:01  Stalker  
  22  2:03  Probe  
  23  2:10  Warp Gate  
  25  2:15  Probe  
  26  2:33  Stalker  
  26  2:36  Gateway  
  28  2:42  Gateway, Probe x2  
  30  2:55  Probe x2  
  30  2:58  Pylon  
  30  3:03  Sentry  
  34  3:09  Probe  
  34  3:13  Probe  
  34  3:18  Probe  
  34  3:19  Robotics Facility  
  36  3:25  Probe  
  38  3:28  Probe  
  38  3:32  Twilight Council  
  39  3:37  Probe  
  39  3:40  Probe  
  38  3:49  Probe  
  38  3:52  Probe  
  38  4:03  Stalker x3  
  38  4:04  Probe  
  38  4:08  Observer, Probe  
  46  4:16  Pylon, Probe  
  48  4:18  Probe  
  49  4:26  Probe  
  49  4:29  Probe  
  49  4:30  Observer  
  52  4:34  Probe  
  52  4:36  Charge  
  53  4:41  Probe  
  53  4:42  Probe  
  54  4:51  Stalker x3  
  61  4:53  Probe  
  62  5:05  Nexus  
  62  5:07  Pylon  
  62  5:12  Pylon  
  62  5:24  Warp Prism  
  62  5:25  Probe x2  
  66  5:37  Pylon, Probe x2  
  68  5:43  Gateway  
  68  5:45  Gateway  
  68  5:47  Gateway  
  68  5:54  Nexus  
  68  6:01  Zealot x3  
  68  6:02  Immortal  
  78  6:22  Zealot x3  
  84  6:28  Pylon  
  84  6:30  Pylon  
  84  6:48  Gateway  
  84  6:49  Zealot x4  
  84  6:50  Gateway, Zealot x2  
  84  6:51  Gateway  
  84  6:53  Blink  
  96  7:18  Zealot x3  
  96  7:19  Zealot x3  
  106  7:43  Zealot  
  106  7:44  Zealot x4  
  112  7:49  Pylon  
  112  7:50  Pylon  
  112  7:51  Pylon  
  116  7:52  Pylon  
  116  7:53  Pylon  
  108  8:10  Zealot x4  
  108  8:11  Zealot x5  
  103  8:14  Probe  
  103  8:15  Probe x2  
  100  8:24  Probe  
  100  8:25  Observer  
  101  8:27  Observer  
  101  8:28  Probe x2  
  104  8:40  Probe  
  104  8:41  Forge  
  105  8:42  Forge  
  105  8:47  Probe  
  105  8:48  Observer  
  106  8:51  Probe  
  106  8:52  Probe  
  106  8:55  Assimilator  
  109  9:03  Probe  
  109  9:06  Pylon  
  109  9:09  Zealot x7  
  124  9:14  Pylon  
  124  9:15  Pylon  
  120  9:18  Stalker x2  
  121  9:25  Photon Cannon  
  119  9:38  Stalker  
  121  9:40  Protoss Ground Armor Level 1, Protoss Ground Weapons Level 1  
  121  9:44  Photon Cannon  
  111  10:16  Zealot x5  
  111  10:17  Zealot x3  
  101  10:28  Probe x3  
  104  10:40  Probe x2  
  106  10:49  Zealot x4  
  114  10:54  Nexus  
  114  10:55  Robotics Bay  
  114  11:00  Observer  
  114  11:03  Templar Archives  
  115  11:17  Robotics Facility  
  115  11:18  Observer  
  115  11:25  Zealot x4  
  118  11:26  Zealot x4  
  96  12:02  Zealot x3  
  96  12:03  Zealot x4  
  96  12:04  Zealot x2  
  80  12:28  Colossus  
  80  12:30  Nexus  
  80  12:32  Colossus  
  80  12:33  Extended Thermal Lance  
  83  12:50  High Templar x3  
  83  12:51  High Templar  
  97  12:53  Zealot x5  
  97  12:55  Archon x2  
  107  13:02  Observer  
  103  13:26  Colossus  
  103  13:29  Colossus  
  115  13:37  Nexus  
  115  13:51  Assimilator  
  115  13:54  Assimilator  
  115  13:56  Assimilator  
  115  13:59  Pylon  
  115  14:05  Psionic Storm  
  115  14:09  Zealot x3  
  121  14:10  Zealot x3  
  127  14:21  Pylon  
  127  14:39  Colossus x2  
  139  14:48  Photon Cannon  
  139  14:57  Photon Cannon  
  139  15:01  Photon Cannon  
  139  15:09  Stalker x2  
  139  15:10  Stalker x2  
  147  15:14  Probe  
  147  15:15  Probe x2  
  150  15:26  Pylon  
  150  15:28  Probe x4  
  153  15:33  High Templar  
  153  15:34  High Templar x3  
  162  15:57  Stalker x4  
  162  15:58  Stalker  
  162  16:03  Probe x3  
  175  16:05  Observer  
  173  16:33  Nexus  
  173  16:41  High Templar x3  
  173  16:42  High Templar  
  181  16:49  Archon x2  
  111  17:10  Stalker  
  111  17:11  Stalker x4  
  107  17:33  Pylon  
  107  17:34  Pylon, Probe  
  107  17:35  Probe x2  
  110  17:39  Stalker x5  
  120  17:47  Probe x3, Assimilator x2  
  120  17:50  Observer  
  123  17:57  Shield Battery  
  122  17:59  Observer, Probe  
  124  18:27  Stalker x6  
  126  18:28  Pylon, Stalker x2  
  140  18:44  Pylon  
  140  18:45  Shield Battery x2  
  140  18:47  Pylon  
  140  18:49  Photon Cannon, Pylon  
  140  18:51  Probe  
  140  18:52  Probe  
  142  19:04  High Templar x4  
  150  19:23  Pylon  
  150  19:34  Pylon  
  150  19:41  Stalker x4  
  150  19:42  Stalker x4  
  152  20:13  Stalker x7  
  136  20:38  Archon  
  136  20:41  Zealot x4  
  136  20:42  Zealot x3  
  132  21:09  Stalker x3  
  132  21:10  Stalker x6  
  144  21:29  Nexus  
  144  21:32  Stalker x2  
  144  21:33  Stalker x4  
  144  21:38  Stalker  
  158  21:44  Stalker  
  101  22:39  Stalker x5  
  101  22:40  Stalker x3  
  97  23:04  Stalker x4  
  97  23:05  Stalker x2  
  70  23:43  Stalker x6  
  70  23:44  Stalker  
Tags
 
Add a new tag
Caveats
  • Supply blocks, unpowered buildings, or Contaminate may cause inaccurate times.
  • Supply counts are checked every 10 seconds.